 Dungeon Crawl Stone Soup version 0.27.1-34-g3ba077fa99 (webtiles) character file.

Game seed: 5017385635374535993

6570 Uniporpoise the Grappler (level 10, -2/99 HPs)
             Began as a Grey Draconian Transmuter on Jan 18, 2022.
             Was an Elder of Kikubaaqudgha.
             Shot with an arrow by a centaur warrior (17 damage)
             ... on level 10 of the Dungeon.
             The game lasted 00:27:03 (11520 turns).

Uniporpoise the Grappler (DrTm)                    Turns: 11520, Time: 00:27:04

Health: -2/99      AC:  7    Str: 14    XL:     10   Next: 70%
Magic:  0/18       EV: 11    Int: 15    God:    Kikubaaqudgha [****..]
Gold:   539        SH:  0    Dex: 12    Spells: 5/19 levels left

rFire    . . .     SeeInvis .     - Unarmed
rCold    + + +     Faith    .   (shield currently unavailable)
rNeg     . . .     Spirit   +   (armour unavailable)
rPois    +         Reflect  .   (helmet currently unavailable)
rElec    .         Harm     .   (cloak currently unavailable)
rCorr    +         Rampage  .   (gloves currently unavailable)
Will     .....                  (boots currently unavailable)
Stlth    +.........             j - amulet of guardian spirit
HPRegen  0.26/turn              h - ring of protection from fire
MPRegen  0.16/turn              k - ring of resist corrosion

@: mighty, ice-form, wereblooded
A: freezing attack, boosted hp, AC +12, amphibious, large, unfitting armour,
(cold-blooded), (talons 1)
a: End Transformation, Renounce Religion, Receive Corpses


You were on level 10 of the Dungeon.
You worshipped Kikubaaqudgha.
Kikubaaqudgha was greatly pleased with you.
You were a creature of crystalline ice.
You visited 2 branches of the dungeon, and saw 11 of its levels.

You collected 563 gold pieces.
You spent 24 gold pieces at shops.

Inventory:

Missiles
 l - 2 silver javelins (quivered)
 D - 8 boomerangs
Armour
 g - a +2 pair of boots (melded)
 H - a +2 cloak (melded)
Magical Staves
 m - a staff of death
Jewellery
 h - a ring of protection from fire (left front paw)
 j - an amulet of guardian spirit (around neck)
 k - a ring of resist corrosion (right front paw)
 t - a ring of protection from cold
 x - a ring of protection from fire
 F - a ring of protection from cold
Wands
 y - a wand of flame (26)
Scrolls
 b - a scroll of immolation
 c - 4 scrolls of teleportation
 d - 2 scrolls of enchant armour
 i - 2 scrolls of amnesia
 o - a scroll of magic mapping {unknown}
 q - a scroll of holy word {unknown}
 r - 2 scrolls of fog {unknown}
 u - 2 scrolls of blinking
 v - a scroll of fear {unknown}
 w - a scroll of torment {unknown}
 z - a scroll of acquirement {unknown}
 A - a scroll of enchant weapon {unknown}
 B - a scroll of vulnerability {unknown}
 G - a scroll of summoning {unknown}
Potions
 a - 4 potions of curing
 f - a potion of lignification
 n - 2 potions of attraction
 p - a potion of resistance
 C - a potion of degeneration {unknown}


   Skills:
 + Level 6.2 Fighting
 - Level 4.0 Dodging
 * Level 8.8 Unarmed Combat
 + Level 5.4 Spellcasting
 * Level 8.4 Transmutations
 - Level 5.1 Ice Magic
 + Level 4.8 Earth Magic
 + Level 2.7 Evocations


You had 5 spell levels left.
You knew the following spells:

 Your Spells              Type           Power      Damage    Failure   Level
a - Beastly Appendage     Tmut           58%        N/A       1%          1
b - Wereblood             Tmut           29%        N/A       1%          2
c - Ice Form              Ice/Tmut       24%        N/A       10%         4
d - Animate Skeleton      Necr           8%         N/A       16%         1
e - Statue Form           Tmut/Erth      16%        N/A       83%         6

Your spell library contained the following spells:

 Spells                   Type           Power      Damage    Failure   Level
 Spider Form              Tmut/Pois      8%         N/A       9%          3
 Petrify                  Tmut/Erth      24%        N/A       10%         4
 Ignite Poison            Fire/Tmut/Pois 12%        N/A       14%         3
 Pain                     Necr           16%        1d4       16%         1
 Sublimation of Blood     Necr           2%         N/A       24%         2
 Dazzling Flash           Conj/Hex       8%         N/A       43%         3
 Mephitic Cloud           Conj/Pois/Air  4%         N/A       43%         3
 Vampiric Draining        Necr           2%         2d6       43%         3
 Irradiate                Conj/Tmut      8%         3d16      58%         5
 Dispel Undead            Necr           4%         3d7       83%         4
 Olgreb's Toxic Radiance  Pois           4%         N/A       83%         4
 Metabolic Englaciation   Hex/Ice        5%         N/A       83%         5
 Borgnjor's Vile Clutch   Necr/Erth      5%         N/A       85%         5
 Bolt of Magma            Conj/Fire/Erth 4%         4d5       92%         5
 Agony                    Necr           4%         N/A       99%         5
 Excruciating Wounds      Necr           2%         N/A       99%         5
 Silence                  Hex/Air        2%         N/A       99%         5
 Simulacrum               Ice/Necr       5%         N/A       100%        6
 Ozocubu's Refrigeration  Ice            9%         4d6       100%        7
 Ignition                 Fire           2%         3d3       100%        8


Dungeon Overview and Level Annotations

Branches:
Dungeon (10/15)            Temple (1/1) D:4             Orc (0/2) D:9
   Lair: D:8-11

Altars:
Ashenzari
Cheibriados
Dithmenos
Elyvilon
Fedhas
Gozag
Hepliaklqana
Kikubaaqudgha
Makhleb
Okawaru
Qazlal
Ru
Sif Muna
Trog
Uskayaw
Vehumet
Wu Jian
Xom
Yredelemnul
Zin
The Shining One

Shops:
D:4 [   D:5 *


Innate Abilities, Weirdness & Mutations

You are a creature of crystalline ice.
You have a powerful freezing melee attack.
Your maximum health is increased.
Your armour is entirely melded.
You are incapable of wielding weapons or throwing items.
((Your dull iron-grey scales are very hard. (AC +12)))
You are amphibious.
You cannot fit into any form of body armour.
((You are cold-blooded and may be slowed by cold attacks.))
((You have sharp toenails.))


Message History

Casting: Wereblood (safe; 1% risk of failure)
Confirm with . or Enter, or press ? or * to list all spells.
You grow a pair of large bovine horns.
Your +2 pair of boots melds into your body.
The centaur warrior shoots an arrow.
The arrow hits you!
Casting: Beastly Appendage (safe; 1% risk of failure)
Confirm with . or Enter, or press ? or * to list all spells.
Your blood is infused with primal strength.
The centaur warrior shoots an arrow.
The arrow hits you!
Casting: Wereblood (safe; 1% risk of failure)
Confirm with . or Enter, or press ? or * to list all spells.
Your horns disappear.
Your +2 pair of boots unmelds from your body.
You turn into a creature of crystalline ice.
Your +2 cloak melds into your body.
Your +2 pair of boots melds into your body.
The centaur warrior shoots an arrow.
The arrow hits you!!
The centaur warrior shoots an arrow.
The arrow hits you!!
* * * LOW HITPOINT WARNING * * *
You are too injured to fight recklessly!
You punch the acid dragon! You freeze the acid dragon.
The acid dragon is moderately wounded.
The acid dragon spits acid at you. The splash of acid hits you! You resist.
* * * LOW HITPOINT WARNING * * *
You are splashed with acid.
You resist.
* * * LOW HITPOINT WARNING * * *
You hear an angry growl.
You feel very mighty all of a sudden.
The acid dragon bites you but does no damage.
The acid dragon completely misses you.
You punch the acid dragon! You freeze the acid dragon.
The acid dragon is heavily wounded.
You punch the acid dragon! You freeze the acid dragon!
You feel a bit better.
You kill the acid dragon!
Kikubaaqudgha accepts your kill.
The acid dragon scales are intact enough to wear.
The centaur warrior shoots an arrow.
The arrow hits you!!
You die...
Kikubaaqudgha rasps: "You have failed me!
Welcome... death!"

#.+.....#.........
#.#######.........
#.........###+###.
P##.........#
............#
............#
.......>....+
............#
.........Y..#
..#######[#.# .
.c#... ...#.....
....# .... .....#
.. ......# #
#.......


You could see a centaur warrior.

Vanquished Creatures
  A hornet (D:8)
  Grinder (D:2)
  A vampire (D:9)
  A wraith (D:9)
  11 yaks
  2 wyverns
  2 steam dragons
  A vampire mosquito (D:8)
  Edmund (D:6)
  An acid dragon (D:10)
  4 water moccasins
  3 ice beasts
  A sky beast (D:5)
  2 centaurs
  3 ogres
  3 phantoms
  A kobold brigand (D:8)
  2 scorpions
  A bullfrog (D:8)
  4 killer bees (D:9)
  9 wights
  6 electric eels (D:8)
  3 howler monkeys
  3 centaur zombies
  4 hounds
  A gnoll shaman (D:8)
  2 jellies
  2 orc priests
  4 iguanas
  2 orc wizards
  10 gnolls
  A howler monkey skeleton (D:6)
  7 adders
  3 river rats (D:4)
  2 white imps
  An ufetubus (D:5)
  3 worms (D:4)
  2 dart slugs
  42 orcs
  9 endoplasms
  3 giant cockroaches
  12 goblins
  9 hobgoblins
  8 jackals (D:2)
  2 quokkas
  11 ball pythons
  4 bats (D:2)
  5 frilled lizards
  13 kobolds
  4 rats
  A spectral orc (D:6)
234 creatures vanquished.

Vanquished Creatures (others)
  8 plants
8 creatures vanquished.

Grand Total: 242 creatures vanquished

Notes
Turn   | Place    | Note
-------+----------+-------------------------------------------
     0 | D:1      | Uniporpoise the Draconian Transmuter began the quest for
                  | the Orb.
     0 | D:1      | Reached XP level 1. HP: 16/16 MP: 3/3
   243 | D:1      | Reached XP level 2. HP: 20/23 MP: 3/5
   380 | D:1      | Learned a level 2 spell: Wereblood
  1033 | D:2      | Reached XP level 3. HP: 18/28 MP: 3/6
  1176 | D:2      | Found a broken altar of Ashenzari.
  1194 | D:2      | Found a faded altar of an unknown god.
  1399 | D:2      | Became a worshipper of Kikubaaqudgha
  1399 | D:2      | Reached * piety under Kikubaaqudgha
  1399 | D:2      | Received a gift from Kikubaaqudgha
  1631 | D:2      | Reached XP level 4. HP: 31/36 MP: 4/7
  2103 | D:2      | Learned a level 4 spell: Ice Form
  2138 | D:3      | Noticed Grinder
  2151 | D:2      | HP: 2/54 [giant cockroach (1)]
  2153 | D:2      | Gained mutation: You have sharp toenails. [potion of
                  | mutation]
  2162 | D:2      | Paralysed by Grinder for 3 turns
  2170 | D:2      | Killed Grinder
  2171 | D:2      | Reached skill level 1 in Ice Magic
  2171 | D:2      | Reached XP level 5. HP: 18/42 MP: 8/8
  2400 | D:3      | Reached ** piety under Kikubaaqudgha
  2401 | D:3      | Reached XP level 6. HP: 38/49 MP: 5/10
  3364 | D:4      | Found a staircase to the Ecumenical Temple.
  3536 | D:4      | Found a bloodstained altar of Trog.
  4208 | D:4      | Your scales start taking on a dull iron-grey colour.
  4208 | D:4      | Reached XP level 7. HP: 48/56 MP: 6/11
  4307 | D:4      | Reached skill level 5 in Unarmed Combat
  4736 | D:4      | Found Enwio's Armour Shop.
  4850 | Temple   | Entered the Ecumenical Temple
  5130 | D:5      | Entered Level 5 of the Dungeon
  5135 | D:5      | Reached *** piety under Kikubaaqudgha
  5135 | D:5      | Received a gift from Kikubaaqudgha
  5317 | D:5      | Found Wanybbub's General Store.
  5322 | D:5      | Bought a scroll of identify for 24 gold pieces
  5406 | D:5      | Found a shimmering blue altar of Sif Muna.
  5406 | D:5      | Found a hazy altar of Hepliaklqana.
  5418 | D:5      | Reached skill level 5 in Transmutations
  5432 | D:5      | Reached XP level 8. HP: 61/63 MP: 10/13
  6211 | D:6      | Noticed Edmund
  6246 | D:6      | Killed Edmund
  6432 | D:6      | Learned a level 1 spell: Animate Skeleton
  7094 | D:6      | Found a basalt altar of Yredelemnul.
  7223 | D:6      | Found an iron altar of Okawaru.
  7236 | D:6      | Learned a level 6 spell: Statue Form
  7336 | D:7      | Found a burning altar of Makhleb.
  7666 | D:7      | Reached skill level 1 in Earth Magic
  7678 | D:7      | Reached XP level 9. HP: 72/72 MP: 13/15
  7705 | D:7      | Found a white marble altar of Elyvilon.
  7940 | D:7      | Found a blossoming altar of Fedhas.
  8487 | D:8      | Found a broken altar of Ashenzari.
  8487 | D:8      | Found a sacrificial altar of Ru.
  8487 | D:8      | Found a radiant altar of Vehumet.
  8496 | D:8      | Paralysed by a hornet for 1 turns
  8890 | D:8      | Reached skill level 5 in Fighting
  9061 | D:8      | Reached **** piety under Kikubaaqudgha
 10027 | D:8      | Found a glowing silver altar of Zin.
 10189 | D:9      | Reached skill level 1 in Evocations
 10194 | D:9      | Reached XP level 10. HP: 81/81 MP: 15/17
 10214 | D:9      | Reached skill level 5 in Spellcasting
 10258 | D:9      | Found a staircase to the Orcish Mines.
 10767 | D:9      | Reached skill level 5 in Ice Magic
 11448 | D:10     | Entered Level 10 of the Dungeon
 11513 | D:10     | Noticed a centaur warrior
 11520 | D:10     | Shot with an arrow by a centaur warrior

Illustrated notes

Levels and vault maps discovered:
D:1:      eino_arrival_cavern_e, layout_basic, serial_bayou_pond_c,
          minmay_pentomino_z4
D:2:      layout_basic, hellmonk_ecumenical_altar_lost_god, basic_altar,
          minmay_misc_feat_columns, minmay_ruptured
D:3:      layout_loops_cross, uniq_grinder
D:4:      layout_loops_ring, mainiacjoe_overflow_alcove_2,
          minmay_temple_entry_grid, lightli_sewer_entry_pipes, serial_shops,
          nicolae_shop_trees
D:5:      layout_loops_ring, grunt_temple_overflow_open, serial_shops,
          shop_statue
D:6:      layout_loops_corners, yredelemnul_forgotten_temple_becter,
          okawaru_altar_gauntlet_db, uniq_edmund
D:7:      layout_loops_cross, mainiacjoe_overflow_brackets,
          mainiacjoe_overflow_chevrons, bloody_makhleb,
          minmay_misc_feat_four_crosses, roderic_cross_of_infinity
D:8:      cheibrodos_two_vegetables, layout_rooms, zin_treasury,
          gammafunk_temple_overflow_forgotten
D:9:      layout_cave_pools, hiddenorc2_lemuel
D:10:     layout_irregular_city, nemelex_diamond_rough_becter,
          due_lair_maze_entry_diamond, nicolae_trove_entry_diagonal,
          uniq_nergalle
Temple:   grunt_temple_mini_profane

Skill      XL: |  1  2  3  4  5  6  7  8  9 10 |
---------------+-------------------------------+-----
Dodging        | 2 3 4 |  4.0
Fighting       | 2 3 4 5 6 |  6.2
Unarmed Combat | 4 5 6 7 8 |  8.8
Transmutations | 3 4 5 6 7 8 |  8.4
Ice Magic      | 1 2 3 4 5 |  5.1
Spellcasting   | 3 4 5 |  5.4
Earth Magic    | 1 3 4 |  4.8
Evocations     | 1 2 |  2.7

Action                   |  1- 3 |  4- 6 |  7- 9 | 10-12 || total
-------------------------+-------+-------+-------+-------++-------
Melee: Unarmed           |   114 |   141 |   405 |   119 ||   779
       Kick              |    16 |    23 |   100 |     3 ||   142
       Headbutt          |     5 |    14 |    60 |     1 ||    80
       Tailslap          |     5 |    14 |    37 |     2 ||    58
       Punch             |     1 |     2 |     8 |       ||    11
Throw: Javelin           |       |     5 |     1 |       ||     6
 Cast: Beastly Appendage |    17 |    35 |    45 |     4 ||   101
       Wereblood         |     3 |    11 |    20 |    10 ||    44
       Ice Form          |       |       |     3 |     8 ||    11
Evoke: Wand              |       |       |    10 |       ||    10
  Use: Potion            |     2 |     6 |       |     2 ||    10
       Scroll            |       |     1 |    10 |       ||    11
 Stab: Sleeping          |     1 |       |       |       ||     1
Armor: Skin              |    50 |    55 |   162 |    36 ||   303
Dodge: Dodged            |    76 |    91 |   247 |    93 ||   507
